 Dungeon Crawl Stone Soup version 0.17.0-19-gb37c632 (webtiles) character file.

114 Enroth the Shield-Bearer (level 4, 0/32 HPs)
             Began as an Octopode Fighter on Nov 12, 2015.
             Was an Initiate of Okawaru.
             Slain by a crocodile (17 damage)
             ... in a sewer.
             The game lasted 00:05:04 (1705 turns).

Enroth the Shield-Bearer (Octopode Fighter)         Turns: 1705, Time: 00:05:04

Health: 0/32       AC:  1    Str: 15    XL:     4   Next: 98%
Magic:  4/4        EV: 11    Int: 13    God:    Okawaru [......]
Gold:   88         SH:  9    Dex: 12    Spells: 0 memorised, 3 levels left

rFire  . . .     SeeInvis .     a - +0 long sword
rCold  . . .     Clarity  .     b - +0 shield
rNeg   . . .     SustAt   .     (helmet restricted)
rPois  .         Gourm    .     (no amulet)
rElec  .         Spirit   .     i - +3 ring of intelligence
rCorr  .         Warding  .     (no ring)
rMut   .         Stasis   .     (no ring)
MR     .....                    (no ring)
Stlth  +++.......               (no ring)
                                (no ring)
                                (no ring)
                                (no ring)

@: not resistant to hostile enchantments, fairly stealthy
A: almost no armour, amphibious, 8 rings, constrict 8, camouflage 1, gelatinous
body 1
a: Renounce Religion


You were in a sewer.
You worshipped Okawaru.
Okawaru was noncommittal.
You were not hungry.

You visited 1 branch of the dungeon, and saw 3 of its levels.
You also visited: Sewer.

You collected 88 gold pieces.

Inventory:

Hand Weapons
 a - a +0 long sword (weapon)
Armour
 b - a +0 shield (worn)
Jewellery
 i - a +3 ring of intelligence (left tentacle)
Scrolls
 e - 3 scrolls of remove curse {unknown}
 f - a scroll of noise {unknown}
 k - a scroll of enchant armour {unknown}
 l - 2 scrolls of identify {unknown}
 m - a scroll of recharging {unknown}
 q - a scroll of immolation {unknown}
Potions
 c - a potion of might
 h - a potion of mutation {unknown}
 j - a potion of cure mutation {unknown}
 n - a potion of curing {unknown}
 o - a potion of heal wounds {unknown}
 p - a potion of agility {unknown}
Comestibles
 d - 2 bread rations
 g - a meat ration


   Skills:
 + Level 3.6 Fighting
 + Level 2.2 Long Blades
 + Level 3.7 Dodging
 + Level 2.3 Stealth
 * Level 3.9 Shields


You had 3 spell levels left.
You didn't know any spells.

Dungeon Overview and Level Annotations

Branches:
Dungeon (3/15)

Altars:
Ashenzari
Nemelex Xobeh
Okawaru
Ru
Yredelemnul
The Shining One


Innate Abilities, Weirdness & Mutations

You cannot wear most types of armour.
You are amphibious.
You can wear up to eight rings at the same time.
You can use your tentacles to constrict eight enemies at once.
Your skin changes colour to match your surroundings (Stealth).
Your rubbery body absorbs attacks (AC +1).


Message History

a blowgun; 16 poisoned needles; a kobold corpse Wield which item (- for none, * to show all)? (? for menu, Esc to quit)
Okay, then.
Eat a chunk of flesh? (ye/n/q/i?) This raw flesh tastes terrible.
You continue eating. x2
A crocodile comes into view.
Found a potion of might and 5 gold pieces.
Found 13 gold pieces.
You hit the crocodile. Your squeeze misses the crocodile.
The crocodile is lightly wounded.
The crocodile bites you!
You closely miss the crocodile.
The crocodile is lightly wounded.
The crocodile closely misses you.
You slash the crocodile! You squeeze the crocodile.
The crocodile is heavily wounded.
You block the crocodile's attack. The crocodile bites you!
Ouch! That really hurt!
You die...

##≈# #### ##≈##
##.... ## #.≈.#
###..≈≈. ### $$#
..≈.# ###..≈..#
..##.!
()≈.###.....#
≈...###
#)≈...≈..≈.##
##..≈...#
.)≈.###.....###
###.....# ..≈.#
###.≈≈.≈####.≈..≈#
#.≈.#
###.≈.≈≈@t...###
##≈## ###......###
##≈# ######## ##≈#
##≈# #### #


You could see a crocodile.

Vanquished Creatures
  2 river rats (D:3)
  4 adders
  An ooze (D:2)
  3 bats
  5 giant cockroaches
  5 hobgoblins
  6 jackals
  10 kobolds
  A ball python (D:3)
  3 giant geckos
  3 giant newts
  7 goblins
  5 rats
55 creatures vanquished.

Notes
Turn   | Place    | Note
--------------------------------------------------------------
     0 | D:1      | Enroth the Octopode Fighter began the quest for the Orb.
     0 | D:1      | Reached XP level 1. HP: 16/16 MP: 1/1
    91 | D:1      | Reached XP level 2. HP: 21/21 MP: 2/2
   857 | D:2      | Reached XP level 3. HP: 23/26 MP: 3/3
   891 | D:2      | Reached skill level 1 in Stealth
   968 | D:2      | Found a sparkling altar of Nemelex Xobeh.
  1038 | D:2      | Reached XP level 4. HP: 31/31 MP: 4/4
  1052 | D:2      | Found a shattered altar of Ashenzari.
  1059 | D:2      | Found an iron altar of Okawaru.
  1062 | D:2      | Found a basalt altar of Yredelemnul.
  1067 | D:2      | Found a glowing golden altar of the Shining One.
  1086 | D:2      | Became a worshipper of Warmaster Okawaru
  1235 | D:2      | Found a sacrificial altar of Ru.
  1447 | D:3      | Found a glowing drain.
  1570 | Sewer    | Entered a sewer
  1694 | Sewer    | Noticed a crocodile
  1705 | Sewer    | Slain by a crocodile

Action                   |  1- 3 |  4- 6 || total
-------------------------+-------+-------++-------
Melee: Long sword        |    60 |    46 ||   106
 Stab: Sleeping          |     3 |     2 ||     5
  Eat: Chunk             |       |     3 ||     3
